 Dungeon Crawl Stone Soup version 0.29.0-4-gdea44cf6ec (webtiles) character file.

Game seed: 5868828121521339409

3 qw the Sneak (level 1, 0/10 HPs)
             Began as a Felid Delver on Aug 27, 2022.
             Was an Initiate of Trog.
             Slain by Edmund
             ... wielding a +1 flail of draining
              (10 damage)
             ... on level 4 of the Dungeon.
             The game lasted 00:00:02 (470 turns).

qw the Sneak (Felid Delver)                          Turns: 470, Time: 00:00:03

Health: 0/10       AC:  1    Str:  8    XL:     1   Next: 41%
Magic:  2/2        EV: 17    Int: 11    God:    Trog [......]
Gold:   37         SH:  0    Dex: 17    Spells: 0/0 levels left
                                        Lives:  0   Deaths: 0

rFire   . . .      SeeInvis +     - Unarmed
rCold   . . .      Faith    .   (shield unavailable)
rNeg    . . .      Spirit   .   (body armour unavailable)
rPois   .          Reflect  .   (helmet unavailable)
rElec   .          Harm     .   (cloak unavailable)
rCorr   .          Rampage  .   (gloves unavailable)
Will    .....                   (boots unavailable)
Stlth   +++.......              (no amulet)
HPRegen 0.03/turn               (no ring)
MPRegen 0.08/turn               (no ring)

@: quick
A: very small, claws 1, fangs 3, see invisible, speed 1, shaggy fur 1, stealthy
paws, no weapons or thrown items, no armour, multi-lived
a: Renounce Religion


You were on level 4 of the Dungeon.
You worshipped Trog.
Trog was noncommittal.
You visited 2 branches of the dungeon, and saw 3 of its levels.

You collected 37 gold pieces.


Innate Abilities, Weirdness & Mutations

You have sharp claws.
You have razor-sharp teeth.
You have supernaturally acute eyesight. (SInv)
You cover ground quickly. (Speed+)
You are covered in fur. (AC +1)
Your paws help you pounce on unaware monsters.
You are incapable of wielding weapons or throwing items.
You cannot wear armour.
You gain extra lives every three experience levels.


   Skills:
 - Level 3.0 Fighting
 - Level 2.6 Dodging
 - Level 6.6 Stealth
 + Level 2.3 Unarmed Combat


You couldn't memorise any spells.
You didn't know any spells.
Your spell library was empty.

Inventory:

Wands
 e - a wand of digging (3)
Scrolls
 a - a scroll of amnesia {unknown}
Potions
 b - a potion of resistance {unknown}
 c - a potion of heal wounds {unknown}
 d - a potion of haste

Dungeon Overview and Level Annotations

Branches:
Dungeon (5/15)             Temple (1/1) D:4

Altars:
Ashenzari
Cheibriados
Dithmenos
Fedhas
Gozag
Kikubaaqudgha
Makhleb
Sif Muna
Trog
Uskayaw
Vehumet
Xom
Zin

Annotations:
D:4 Edmund


Message History

The orc throws a stone.
The stone hits you.
The orc throws a stone.
The stone hits you but does no damage.
You scratch the orc but do no damage. Your bite misses the orc.
The orc barely misses you.
You closely miss the orc. The orc completely misses you.
You scratch the orc but do no damage. You bite the orc, but do no damage.
The orc misses you.
You scratch the orc but do no damage. You bite the orc.
The orc is lightly wounded.
The orc hits you with a +1 mace of protection.
You scratch the orc. You bite the orc, but do no damage.
The orc is heavily wounded.
The orc misses you.
You scratch the orc but do no damage.
The orc is heavily wounded.
The orc misses you.
You scratch the orc but do no damage. You bite the orc, but do no damage.
The orc is heavily wounded.
The orc closely misses you.
You closely miss the orc.
The orc is heavily wounded.
The orc closely misses you.
You scratch the orc.
You kill the orc!
Trog accepts your kill.
You start resting.
HP restored.
Things that are here:
a +1 mace of protection; 3 stones; an orc corpse
b - a murky brown potion You now have 37 gold pieces (gained 10).
You see here a scroll of magic mapping.
c - a golden potion Edmund the Younger comes into view.
He is wielding a +1 flail of draining.
A ball python comes into view.
Edmund shouts!
Edmund hits you with a +1 flail of draining!
Ouch! That really hurt!
You die...

##.># # ยค.... #..# #
7.... ##..### #..#
#....# #S.######
###... # #......#
######.. #.
#......####.......
#..#......##...#####.
#.@@........### #.
###.......### ##
..........##
####......# ########


You could see Edmund and a ball python (wandering).

Vanquished Creatures
  An orc (D:4)
  A goblin (D:4)
2 creatures vanquished.

Notes
Turn   | Place    | Note
-------+----------+-------------------------------------------
     0 | D:5      | qw the Felid Delver began the quest for the Orb.
     0 | D:5      | Reached XP level 1. HP: 10/10 MP: 2/2
     0 | D:5      | 0 ||| qw: Version: 0.1-a-89-g26bdef1
     0 | D:5      | 0 ||| qw: Game counter: 78
     0 | D:5      | 0 ||| qw: Always use a shield: true
     0 | D:5      | 0 ||| qw: God list: Okawaru, Trog
     0 | D:5      | 0 ||| qw: Allow faded altars: false
     0 | D:5      | 0 ||| qw: Do Orc after D:15 true
     0 | D:5      | 0 ||| qw: Do second Lair branch before Depths: true
     0 | D:5      | 0 ||| qw: Lair rune preference: random
     0 | D:5      | 0 ||| qw: Plans: Normal
     0 | D:5      | 0 ||| PLANNING D:1-11
    17 | D:5      | 17 ||| DROPPING scroll of fog.
    18 | D:5      | 18 ||| DROPPING scroll of magic mapping.
    19 | D:5      | 19 ||| DROPPING scroll of fear.
    31 | D:4      | Found a staircase to the Ecumenical Temple.
    32 | D:4      | 32 ||| PLANNING TEMPLE
    40 | Temple   | Entered the Ecumenical Temple
    46 | Temple   | Became a worshipper of Trog the Wrathful
   235 | Temple   | 235 ||| PLANNING D:1-11
   267 | D:4      | 267 ||| Stepping ~*~*~tactically~*~*~ (stealth).
   270 | D:4      | 270 ||| Stepping ~*~*~tactically~*~*~ (stealth).
   272 | D:4      | 272 ||| Stepping ~*~*~tactically~*~*~ (stealth).
   274 | D:4      | 274 ||| Stepping ~*~*~tactically~*~*~ (stealth).
   455 | D:4      | Noticed Edmund
   470 | D:4      | Slain by Edmund

Levels and vault maps discovered:
D:4:      layout_rooms, kennysheep_mini, minmay_temple_entry_gardened_gates,
          ebering_ghost_rock_garden, nicolae_shop_fire_sale
          [nicolae_sub_dead_trees], uniq_edmund
D:5:      layout_basic
Temple:   compressed_dpeg_triangle_lava_temple

Action                   || total
-------------------------++-------
Melee: Unarmed           ||    11
       Bite              ||     4
Armor: Skin              ||     1
Dodge: Dodged            ||     8

Table legend:
 A = Non-vault XP
 B = Vault XP
 C = Vault XP percentage of total XP
 D = Non-vault monster count
 E = Vault monster count
 F = Vault count percentage of total count
                 A         B        C        D         E       F
            +---------+---------+-------+---------+---------+-------
      Total |       5 |       0 |   0.0 |       2 |       0 |   0.0
            +---------+---------+-------+---------+---------+-------
        D:4 |       5 |       0 |   0.0 |       2 |       0 |   0.0
            +---------+---------+-------+---------+---------+-------
